 Dungeon Sprint DCSS version 0.27-a0-686-gaed091b46b (webtiles) character file.

Game seed: 15487796809351739784

1514 mhtbhm the Cleaver (level 8, -8/80 HPs)
             Began as a Minotaur Fighter on Mar 20, 2021.
             Was a High Priest of Trog.
             Mangled by a minotaur (12 damage)
             ... in the Dungeon (Sprint VII: "The Pits").
             The game lasted 00:01:19 (1009 turns).

mhtbhm the Cleaver (Minotaur Fighter)               Turns: 1009, Time: 00:01:21

Health: -8/80      AC: 15    Str: 22    XL:     8   Next: 53%
Magic:  7/7        EV:  8    Int:  5    God:    Trog [*****.]
Gold:   0          SH: 12    Dex: 11    Spells: 7/7 levels left

rFire    . . .     SeeInvis .   a - +2 hand axe
rCold    . . .     Faith    .   c - +0 kite shield
rNeg     . . .     Spirit   .   b - +3 chain mail
rPois    .         Reflect  .   (helmet restricted)
rElec    .         Harm     .   (no cloak)
rCorr    .         Rampage  .   (no gloves)
Will     .....     NoTele   +   (no boots)
Stlth    ..........             (no amulet)
HPRegen  0.23/turn              (no ring)
MPRegen  0.10/turn              (no ring)

@: berserk cooldown, slowed, very slow
A: horns 2, retaliatory headbutt
a: Renounce Religion, Berserk, Trog's Hand, Brothers in Arms


You were in the Dungeon.
You worshipped Trog.
Trog was extremely pleased with you.
You visited 1 branch

Inventory:

Hand Weapons
 a - a +2 hand axe (weapon)
Missiles
 m - a curare-tipped dart (quivered)
Armour
 b - a +3 chain mail (worn)
 c - a +0 kite shield (worn)
Scrolls
 j - a scroll of blinking
 l - a scroll of summoning
Potions
 d - a potion of might
 e - 6 potions of curing
 f - 6 potions of heal wounds
 g - a potion of haste
 h - 4 potions of magic
 i - 3 potions of berserk rage
 k - 2 potions of invisibility


   Skills:
 + Level 10.4 Fighting
 + Level 12.9 Axes
 + Level 11.6 Armour
 + Level 2.8 Dodging
 + Level 0.2 Stealth
 + Level 11.4 Shields


You had 7 spell levels left.
You didn't know any spells.
Your spell library was empty.

Dungeon Overview and Level Annotations

Branches:
Dungeon (1/1)

Altars:
Cheibriados
Dithmenos
Elyvilon
Fedhas
Gozag
Hepliaklqana
Makhleb
Nemelex Xobeh
Okawaru
Qazlal
Ru
Sif Muna
Trog
Vehumet
Wu Jian
Xom
Yredelemnul
Zin
The Shining One
Beogh
Jiyva
Lugonu


Innate Abilities, Weirdness & Mutations

You have a pair of horns on your head.
You reflexively headbutt those who attack you in melee.


Message History

Unknown command.
You barely miss the minotaur.
The minotaur is moderately wounded.
You hit the minotaur. You headbutt the minotaur.
The minotaur is heavily wounded.
The minotaur hits you but does no damage.
The minotaur gores you but does no damage.
You barely miss the minotaur.
The minotaur furiously retaliates!
The minotaur headbutts you.
* * * LOW HITPOINT WARNING * * *
The minotaur is heavily wounded.
You hit the minotaur. Your headbutt misses the minotaur.
The minotaur is heavily wounded.
You block the minotaur's attack. The minotaur gores you.
* * * LOW HITPOINT WARNING * * *
You hit the minotaur but do no damage.
The minotaur is heavily wounded.
You slash the minotaur!
The minotaur is severely wounded.
You block the minotaur's attack. The minotaur gores you!
* * * LOW HITPOINT WARNING * * *
You hit the minotaur.
The minotaur is severely wounded.
You slash the minotaur!
The minotaur is severely wounded.
The minotaur hits you!
* * * LOW HITPOINT WARNING * * *
You block the minotaur's attack.
You hit the minotaur. You headbutt the minotaur!
The minotaur is almost dead.
You are no longer berserk.
Trog's vigour flows through your veins.
You are exhausted.
You feel yourself slow down.
You hit the minotaur but do no damage. Your headbutt misses the minotaur.
The minotaur is almost dead.
You block the minotaur's attack.
The minotaur gores you but does no damage.
You block the minotaur's attack. The minotaur gores you!
You die...

#.#.†########...<...#
#.#..'.))[[##.......#
#.#..#.))).##.......#
#'###########.......#
#...†...#..##########
#.###)..#†######
#.#.....#)#....#
#.#...#)#'#....#
#.....#.#.@H...+
#...###.#'#†...#
#....)..).#....#
################


You could see a minotaur.

Vanquished Creatures
  A deep troll (D)
  A snapping turtle (D)
  2 floating eyes (D)
  An ice beast (D)
  A wolf (D)
  A centaur (D)
  A kobold brigand (D)
  2 bullfrogs (D)
  3 wights (D)
  A worker ant (D)
  A white imp (D)
  An ufetubus (D)
  An adder skeleton (D)
  A worm (D)
  A leopard gecko (D)
  A goblin (D)
  A hobgoblin (D)
  A quokka (D)
  A ball python (D)
  A ball python skeleton (D)
  A rat (D)
25 creatures vanquished.

Notes
Turn   | Place    | Note
-------+----------+-------------------------------------------
     0 | D        | mhtbhm the Minotaur Fighter began the quest for the Orb.
     0 | D        | Reached XP level 1. HP: 19/19 MP: 0/0
    18 | D        | Found a bloodstained altar of Trog.
    18 | D        | Found a shimmering blue altar of Sif Muna.
    18 | D        | Found a viscous altar of Jiyva.
    18 | D        | Found a hazy altar of Hepliaklqana.
    18 | D        | Found an opulent altar of Gozag.
    19 | D        | Found a glowing golden altar of the Shining One.
    19 | D        | Found a glowing silver altar of Zin.
    19 | D        | Found a basalt altar of Yredelemnul.
    19 | D        | Found a shimmering altar of Xom.
    19 | D        | Found an ornate altar of the Wu Jian Council.
    19 | D        | Found a sacrificial altar of Ru.
    19 | D        | Found a stormy altar of Qazlal.
    19 | D        | Found an iron altar of Okawaru.
    19 | D        | Found a sparkling altar of Nemelex Xobeh.
    19 | D        | Found a burning altar of Makhleb.
    19 | D        | Found a blossoming altar of Fedhas.
    19 | D        | Found a white marble altar of Elyvilon.
    19 | D        | Found a shadowy altar of Dithmenos.
    19 | D        | Found a snail-covered altar of Cheibriados.
    22 | D        | Found a corrupted altar of Lugonu.
    22 | D        | Found a radiant altar of Vehumet.
    23 | D        | Became a worshipper of Trog the Wrathful
    71 | D        | Reached XP level 2. HP: 20/28 MP: 1/1
   164 | D        | Noticed a floating eye
   165 | D        | Paralysed by a floating eye for 3 turns
   168 | D        | Killed a floating eye
   168 | D        | Reached * piety under Trog
   169 | D        | Reached skill level 4 in Axes
   169 | D        | Reached XP level 3. HP: 38/38 MP: 2/2
   169 | D        | Reached XP level 4. HP: 45/45 MP: 3/3
   277 | D        | Noticed a wolf
   284 | D        | Reached ** piety under Trog
   285 | D        | Reached skill level 5 in Axes
   285 | D        | Reached skill level 1 in Dodging
   286 | D        | Killed a wolf
   287 | D        | Reached skill level 6 in Axes
   287 | D        | Reached XP level 5. HP: 53/53 MP: 4/4
   351 | D        | Noticed an ice beast
   361 | D        | Killed an ice beast
   361 | D        | Reached *** piety under Trog
   362 | D        | Reached skill level 7 in Axes
   362 | D        | Reached XP level 6. HP: 62/62 MP: 5/5
   370 | D        | Reached skill level 8 in Axes
   372 | D        | Reached **** piety under Trog
   564 | D        | Reached skill level 9 in Axes
   675 | D        | Reached skill level 10 in Shields
   675 | D        | Reached XP level 7. HP: 63/70 MP: 6/6
   677 | D        | Noticed a deep troll
   685 | D        | Killed a deep troll
   686 | D        | Reached skill level 10 in Fighting
   686 | D        | Reached skill level 11 in Axes
   686 | D        | Reached XP level 8. HP: 45/79 MP: 7/7
   894 | D        | Reached ***** piety under Trog
   895 | D        | Reached skill level 12 in Axes
   982 | D        | Noticed a minotaur
   982 | D        | Noticed a snapping turtle
   983 | D        | Paralysed by a floating eye for 2 turns
   999 | D        | Killed a snapping turtle
  1007 | D        | HP: 5/120 [minotaur (9)]
  1009 | D        | Mangled by a minotaur

Illustrated notes

Levels and vault maps discovered:
D:        pitsprint [storerooms_1, entrance_room_1, metal_vault_5, armoury_1,
          mini_pit_1, grid_room_1, main_hall_1, silver_pit, the_coven_3,
          the_vestibule_1, steel_vault_1, golden_pit, hallway_of_sentries,
          crystal_vault_3, iron_vault_3, final_vault]

Skill      XL: |  1  2  3  4  5  6  7  8 |
---------------+-------------------------+-----
Fighting       | 4 6 7 8 9 10 | 10.4
Armour         | 4 7 8 9 11 | 11.6
Shields        | 4 6 8 10 11 | 11.4
Axes           | 4 6 7 9 11 12 | 12.9
Dodging        | 1 2 |  2.8
Stealth        | |  0.2

Action                   |  1- 3 |  4- 6 |  7- 9 || total
-------------------------+-------+-------+-------++-------
Melee: Hand axe          |    12 |    55 |    40 ||   107
       Headbutt          |     1 |    10 |     9 ||    20
       War axe           |     1 |       |       ||     1
Invok: Berserk           |       |     2 |     3 ||     5
Armor: Scale mail        |    11 |     1 |       ||    12
       Chain mail        |       |     8 |    14 ||    22
Dodge: Dodged            |     7 |    16 |     6 ||    29
Block: Kite shield       |    14 |    41 |    24 ||    79

Table legend: (Time is in decaauts)
 A = Elapsed time spent in this place.
 B = Non-inter-level travel time spent in this place.
 C = Inter-level travel time spent in this place.
 D = Time resting spent in this place.
 E = Time spent auto-exploring this place.
 F = Levels seen in this place.
 G = Mean time per level.
                   A        B        C        D        E       F      G
               +--------+--------+--------+--------+--------+-----+--------+
         Total |   1046 |   1046 |      0 |    752 |     38 |   1 | 1046.0 |
       Dungeon |   1046 |   1046 |      0 |    752 |     38 |   1 | 1046.0 |
               +--------+--------+--------+--------+--------+-----+--------+

Top non-repeatable levels by time:
       D: 1046 daAuts
